 Seeded DCSS version 0.30-a0-34-gbe8da3892a (webtiles) character file.

Game seed: 14514352787368662025 (custom seed)

18855 wilfster70 the Geomancer (level 12, -3/71 HPs)
             Began as a Gargoyle Earth Elementalist on Aug 27, 2022.
             Was an Elder of Vehumet.
             Slain by a freezing wraith (10 damage)
             ... on level 11 of the Dungeon.
             The game lasted 00:34:24 (15268 turns).

wilfster70 the Geomancer (GrEE)                    Turns: 15268, Time: 00:34:24

Health: -3/71      AC: 16    Str: 11    XL:     12   Next: 62%
Magic:  19/33      EV: 12    Int: 26    God:    Vehumet [****..]
Gold:   801        SH:  0    Dex: 10    Spells: 4/27 levels left

rFire   + + +      SeeInvis .    a - +6 hand axe of the New World {venom, rPois Int+4}
rCold   + . .      Faith    .    (no shield)
rNeg    + . .      Spirit   .    F - +2 robe {rC+ rF+}
rPois   ∞          Reflect  .    B - +1 helmet
rElec   +          Harm     .    (no cloak)
rCorr   .          Rampage  .    (no gloves)
Will    .....                    m - +1 pair of boots
Stlth   ++........               v - amulet of the acrobat
HPRegen 0.21/turn                n - ring of wizardry
MPRegen 0.23/turn                i - ring "Pemooxea" {*Corrode rF++ MP+9}

@: slowed, very slow
A: sickness immunity, AC +8, negative energy resistance 1, electricity
resistance, torment resistance 1, petrification resistance
a: Renounce Religion


You were on level 11 of the Dungeon.
You worshipped Vehumet.
Vehumet was greatly pleased with you.
You visited 2 branches of the dungeon, and saw 12 of its levels.
You also visited: Sewer, Ossuary and Bailey.

You collected 893 gold pieces.
You spent 92 gold pieces at shops.

Inventory:

Hand Weapons
 a - the +6 hand axe of the New World (weapon) {venom, rPois Int+4}
   (You took it off a goblin on level 2 of the Dungeon)

   It poisons the flesh of those it strikes.
   Int:       It affects your intelligence (+4).
   rPois:     It protects you from poison.
 t - the +6 mace "Enwusine" {vorpal, Int+4}
   (You found it on level 3 of the Dungeon)

   It inflicts extra damage upon your enemies.
   Int:       It affects your intelligence (+4).
Armour
 m - a +1 pair of boots (worn)
 B - a +1 helmet (worn)
 F - a +2 robe of resistance (worn)
Jewellery
 g - an amulet of guardian spirit
 i - the ring "Pemooxea" (right hand) {*Corrode rF++ MP+9}
   (You found it on level 9 of the Dungeon)

   [ring of magical power]

   rF:        It greatly protects you from fire.
   MP:        It affects your magic capacity (+9).
   *Corrode:  It may corrode you when you take damage.
 n - a ring of wizardry (left hand)
 v - an amulet of the acrobat (around neck)
Wands
 h - a wand of quicksilver (8)
 l - a wand of flame (38)
 o - a wand of iceblast (14)
Scrolls
 c - 3 scrolls of fear
 f - 6 scrolls of teleportation
 k - a scroll of blinking
 p - 3 scrolls of amnesia
 r - 3 scrolls of identify
 w - 3 scrolls of poison {unknown}
 x - 3 scrolls of immolation
 y - 4 scrolls of magic mapping
 A - a scroll of butterflies
Potions
 b - 4 potions of magic
 d - 5 potions of invisibility
 e - 8 potions of curing
 j - 4 potions of haste
 q - 6 potions of mutation
 s - 9 potions of heal wounds
 u - 2 potions of lignification
 z - 2 potions of flight
 C - a potion of brilliance
 E - 2 potions of resistance


   Skills:
 * Level 6.5 Fighting
 - Level 2.4 Dodging
 - Level 3.6 Stealth
 - Level 8.0 Spellcasting
 - Level 6.0 Conjurations
 - Level 7.0 Hexes
 - Level 7.0 Summonings
 - Level 8.0 Necromancy
 - Level 2.0 Transmutations
 + Level 0.0 Fire Magic
 - Level 10.0 Earth Magic


You had 4 spell levels left.
You knew the following spells:

 Your Spells              Type           Power      Damage    Failure   Level
a - Mephitic Cloud        Conj/Pois/Air  20%        N/A       1%          3
b - Summon Mana Viper     Hex/Summ       47%        N/A       3%          5
c - Borgnjor's Vile Clut  Necr/Erth      27%        N/A       1%          5
d - Airstrike             Air            5%         2d(1-17)  7%          4
e - Starburst             Conj/Fire      13%        6d5       24%         6

Your spell library contained the following spells:

 Spells                   Type           Power      Damage    Failure   Level
 Beastly Appendage        Tmut           40%        N/A       1%          1
 Magic Dart               Conj           100%       1d8       1%          1
 Sandblast                Erth           100%       2d20      1%          1
 Slow                     Hex            100%       N/A       1%          1
 Sting                    Tmut/Pois      60%        1d6       1%          1
 Call Imp                 Summ           47%        N/A       1%          2
 Passwall                 Tmut/Erth      34%        N/A       1%          2
 Poisonous Vapours        Pois/Air       20%        N/A       1%          2
 Static Discharge         Conj/Air       52%        3-7/arc   1%          2
 Wereblood                Tmut           20%        N/A       1%          2
 Confusing Touch          Hex            47%        N/A       1%          3
 Conjure Flame            Conj/Fire      26%        6-21      1%          3
 Dazzling Flash           Conj/Hex       88%        N/A       1%          3
 Ignite Poison            Fire/Tmut/Pois 13%        N/A       1%          3
 Stone Arrow              Conj/Erth      100%       3d13      1%          3
 Vampiric Draining        Necr           51%        2d9       1%          3
 Animate Dead             Necr           51%        N/A       1%          4
 Dispel Undead            Necr           51%        3d19      1%          4
 Iskenderun's Mystic Bla  Conj/Tloc      26%        2d7       1%          4
 Petrify                  Tmut/Erth      41%        N/A       1%          4
 Sticky Flame             Conj/Fire      26%        2d5       1%          4
 Spider Form              Tmut/Pois      15%        N/A       4%          3
 Olgreb's Toxic Radiance  Pois           10%        N/A       7%          4
 Death Channel            Necr           25%        N/A       13%         6
 Summon Forest            Summ/Tloc      14%        N/A       16%         5
 Summon Cactus Giant      Summ           23%        N/A       19%         6
 Alistair's Intoxication  Tmut/Pois      10%        N/A       38%         5
 Eringya's Noxious Bog    Tmut/Pois      7%         N/A       45%         6


Dungeon Overview and Level Annotations

Branches:
Dungeon (11/15)            Temple (1/1) D:5            Lair (0/5) D:8
  Sewer (visited)         Ossuary (visited)          Bailey (visited)
    Orc: D:9-12

Altars:
Ashenzari
Elyvilon
Hepliaklqana
Kikubaaqudgha
Okawaru
Trog
Vehumet
Wu Jian
Yredelemnul

Shops:
D:1 [


Innate Abilities, Weirdness & Mutations

You are immune to sickness and miasma.
Your stone body is resilient. (AC +8)
You are immune to poison.
You resist negative energy. (rN+)
You are resistant to electric shocks. (rElec)
You are resistant to unholy torment.
You are immune to petrification.


Message History

Aiming: Airstrike (dangerous; 7% risk of failure)
Press: ? - help, Dir - move target, f/p - freezing wraith
Aim: a freezing wraith (severely damaged, empty space bonus: 8/8)
The air twists around and strikes the freezing wraith.
The freezing wraith is almost destroyed.
The centaur warrior shouts!
The centaur warrior wields a +0 shortbow.
The centaur warrior shoots an arrow.
The arrow hits you.
Casting: Airstrike (dangerous; 7% risk of failure)
Confirm with . or Enter, or press ? or * to list all spells.
Aiming: Airstrike (dangerous; 7% risk of failure)
Press: ? - help, Dir - move target, f/p - freezing wraith
Aim: a freezing wraith (almost destroyed, empty space bonus: 7/8)
The air twists around and strikes the freezing wraith but does no damage.
The centaur warrior shoots an arrow.
The arrow hits you. The freezing wraith barely misses you.
The freezing wraith hits you. The freezing wraith drains your vigour!
You feel yourself slow down.
You completely miss the freezing wraith.
The freezing wraith is severely damaged.
The centaur warrior shoots an arrow.
The arrow hits you but does no damage. The freezing wraith misses you.
The freezing wraith closely misses you.
The centaur warrior shoots an arrow.
The arrow hits you! The freezing wraith hits you!
The freezing wraith freezes you. You resist.
The freezing wraith barely misses you.
The centaur warrior shoots an arrow.
The arrow hits you but does no damage.
You hit the freezing wraith.
The freezing wraith is almost destroyed.
The centaur warrior shoots an arrow.
The arrow closely misses you. The freezing wraith hits you.
The freezing wraith freezes you! You resist.
The freezing wraith hits you but does no damage.
The centaur warrior shoots an arrow.
The arrow hits you!
* * * LOW HITPOINT WARNING * * *
The freezing wraith misses you. The freezing wraith hits you.
* * * LOW HITPOINT WARNING * * *
The centaur warrior shoots an arrow.
The arrow hits you!
* * * LOW HITPOINT WARNING * * *
You closely miss the freezing wraith.
The freezing wraith is almost destroyed.
The freezing wraith hits you!
You die...

......................#.#
...................##...#
....................###.#
..........c.....[....##.###
...##................##.(.. ...
###...............#..## ..
###.............#....
##..............#..##
#...@W........<.#....
#..............##.#.#
############...............#..##
#...........###..........#....#.
#...........# ##........###..##
###########.## ###.....## #..#
##...## ###..## #..###
##.....### #### #[[#..
##........## #.)#.#


You could see a centaur warrior and a freezing wraith.

Vanquished Creatures
  A hydra (D:8)
  3 two-headed ogres
  An orc knight (Bailey)
  An ugly thing (D:11)
  A cyclops (D:11)
  A manticore (D:11)
  A komodo dragon (D:11)
  4 trolls
  2 shadows
  A wraith (D:9)
  Sigmund (D:6)
  21 yaks
  A vampire (D:9)
  A steam dragon (D:8)
  2 water moccasins
  4 orc warriors
  2 ice beasts
  5 sky beasts
  2 black bears (D:6)
  5 centaurs
  A kobold brigand (D:9)
  5 bullfrogs
  A gnoll sergeant (D:8)
  2 scorpions
  9 wights
  2 water moccasin zombies (Ossuary)
  13 killer bees
  2 howler monkeys
  5 hounds
  A jelly (D:6)
  2 orc priests
  4 orc wizards
  3 iguanas
  2 mummies (Ossuary)
  3 howler monkey zombies (D:8)
  15 gnolls
  4 river rats (D:3)
  11 adders
  4 adder zombies (Ossuary)
  2 worms
  3 dart slugs
  59 orcs
  9 ball pythons
  5 bats
  3 endoplasms
  12 giant cockroaches
  5 hobgoblins
  7 jackals
  12 quokkas
  14 frilled lizards
  A gnoll zombie (Ossuary)
  5 goblins
  6 hobgoblin zombies (Ossuary)
  15 kobolds
  2 kobold zombies (Ossuary)
  2 orc zombies (Ossuary)
  5 rats
316 creatures vanquished.

Vanquished Creatures (collateral kills)
  A yak (D:10)
1 creature vanquished.

Vanquished Creatures (others)
  A wizard (D:5)
  8 plants (D:11)
  A withered plant (D:8)
10 creatures vanquished.

Grand Total: 327 creatures vanquished

Notes
Turn   | Place    | Note
-------+----------+-------------------------------------------
     0 | D:1      | wilfster70 the Gargoyle Earth Elementalist began the quest
                  | for the Orb.
     0 | D:1      | Reached XP level 1. HP: 10/10 MP: 3/3
   188 | D:1      | Reached skill level 1 in Transmutations
   188 | D:1      | Reached XP level 2. HP: 15/15 MP: 1/5
   764 | D:1      | Found Waennarph's Antique Armour Shop.
   784 | D:1      | Reached XP level 3. HP: 16/19 MP: 1/6
  1297 | D:2      | Reached skill level 4 in Earth Magic
  1341 | D:2      | Identified the +6 hand axe of the New World {venom, rPois
                  | Int+4}
  1644 | D:2      | Found a faded altar of an unknown god.
  1837 | D:2      | Reached XP level 4. HP: 24/24 MP: 4/7
  2232 | D:3      | Found a broken altar of Ashenzari.
  2295 | D:3      | Found a glowing drain.
  2298 | D:3      | Reached XP level 5. HP: 24/28 MP: 0/8
  2308 | Sewer    | Entered a sewer
  2753 | Sewer    | Learned a level 5 spell: Borgnjor's Vile Clutch
  2870 | Sewer    | Reached skill level 5 in Earth Magic
  2870 | Sewer    | Reached XP level 6. HP: 18/32 MP: 5/10
  3031 | Sewer    | Reached skill level 1 in Necromancy
  3076 | Sewer    | Identified the +3 mace of Viocisch {distort, *Corrode Str+2
                  | Int+4 Stlth+}
  3171 | D:3      | Identified the +6 mace "Enwusine" {vorpal, Int+4}
  3781 | D:4      | You fall into a shaft and drop 1 floor!
  3781 | D:5      | Entered Level 5 of the Dungeon
  3812 | D:5      | Found a staircase to the Ecumenical Temple.
  3867 | Temple   | Entered the Ecumenical Temple
  3886 | Temple   | Became a worshipper of Vehumet
  3990 | D:5      | Found a sand-covered staircase.
  4049 | Ossuary  | Entered an ossuary
  4094 | Ossuary  | Reached skill level 6 in Earth Magic
  4094 | Ossuary  | Reached XP level 7. HP: 29/36 MP: 6/12
  4320 | Ossuary  | Reached * piety under Vehumet
  4320 | Ossuary  | Offered knowledge of Freeze by Vehumet.
  5471 | D:5      | Identified the +6 scale mail of the Raven {Contam Str+8
                  | Dex+7 Slay-3}
  5712 | D:5      | Reached skill level 7 in Earth Magic
  5887 | D:5      | Found a bloodstained altar of Trog.
  5890 | D:5      | Noticed a wizard
  5895 | D:5      | Killed a wizard
  6050 | D:6      | Reached XP level 8. HP: 41/41 MP: 10/14
  6109 | D:6      | Reached skill level 8 in Earth Magic
  6644 | D:6      | Noticed Sigmund
  6649 | D:6      | Killed Sigmund
  6650 | D:6      | Reached skill level 5 in Spellcasting
  6650 | D:6      | Reached skill level 9 in Earth Magic
  6707 | D:6      | Learned a level 5 spell: Summon Mana Viper
  6887 | D:7      | Reached XP level 9. HP: 36/45 MP: 10/17
  7048 | D:7      | Offered knowledge of Scorch by Vehumet.
  7154 | D:7      | Reached ** piety under Vehumet
  7155 | D:7      | Reached skill level 10 in Earth Magic
  8184 | D:8      | Found a flagged portal.
  8447 | D:8      | Reached skill level 5 in Necromancy
  8452 | Bailey   | Entered a bailey
  8849 | Bailey   | Noticed an orc knight
  8867 | Bailey   | Killed an orc knight
  8867 | Bailey   | Offered knowledge of Poisonous Vapours by Vehumet.
  8989 | D:7      | Reached XP level 10. HP: 46/50 MP: 16/20
  9406 | D:1      | Bought a runed robe for 92 gold pieces
  9714 | D:8      | Noticed a six-headed hydra
  9721 | D:8      | Killed a six-headed hydra
  9721 | D:8      | Reached *** piety under Vehumet
 10146 | D:8      | Found a staircase to the Lair.
 10286 | D:8      | Reached skill level 1 in Fighting
 10287 | D:8      | Reached skill level 5 in Hexes
 10287 | D:8      | Reached skill level 5 in Summonings
 10287 | D:8      | Reached XP level 11. HP: 56/56 MP: 23/23
 10311 | D:8      | Offered knowledge of Inner Flame by Vehumet.
 10496 | D:8      | Found a hazy altar of Hepliaklqana.
 10498 | D:8      | Found a faded altar of an unknown god.
 10739 | D:9      | Learned a level 3 spell: Mephitic Cloud
 10770 | D:9      | Reached skill level 1 in Conjurations
 10779 | D:9      | Reached **** piety under Vehumet
 10794 | D:9      | Offered knowledge of Airstrike by Vehumet.
 10800 | D:9      | Learned a level 4 spell: Airstrike
 11826 | D:9      | Identified the ring "Pemooxea" {*Corrode rF++ MP+9}
 12104 | D:10     | Entered Level 10 of the Dungeon
 12162 | D:10     | Noticed a two-headed ogre
 12178 | D:10     | Killed a two-headed ogre
 12179 | D:10     | Reached XP level 12. HP: 60/60 MP: 13/24
 13409 | D:10     | Noticed a two-headed ogre
 13417 | D:10     | Killed a two-headed ogre
 14028 | D:10     | Found an ornate altar of the Wu Jian Council.
 14028 | D:10     | Found an ancient bone altar of Kikubaaqudgha.
 14080 | D:11     | Noticed a two-headed ogre
 14086 | D:11     | Killed a two-headed ogre
 14087 | D:11     | Reached skill level 5 in Conjurations
 14191 | D:11     | Reached skill level 5 in Fighting
 15186 | D:10     | Learned a level 6 spell: Starburst
 15263 | D:11     | Noticed a centaur warrior
 15268 | D:11     | Slain by a freezing wraith

Illustrated notes

Levels and vault maps discovered:
D:1:      wander_arrival_peaceful_grave, layout_basic, serial_shops, shop,
          minmay_3d_cube
D:2:      layout_loops_ring, ebering_ecumenical_altar_abandoned,
          minmay_misc_feat_roman
D:3:      layout_loops_ring, nicolae_overflow_crystal_walls,
          portal_sewer_entry_e
D:4:      layout_basic
D:5:      layout_loops_ring, trog_wizard, minmay_temple_entry_mini_moons,
          nicolae_ossuary_entry_plus
D:6:      layout_loops_cross, uniq_sigmund
D:7:      layout_basic, moated_statue
D:8:      layout_basic, beargit_hepliaklqana_dungeon_heroes, lair_entry_dummy,
          serial_undead, serial_undead_d, serial_undead_c, serial_undead_c,
          serial_undead_f, enter_bailey_2
D:9:      layout_roguey [special_room_orc], kennysheep_generic_room_11
D:10:     layout_stronghold, gammafunk_temple_overflow_wave
D:11:     layout_cave_pods, orc_0_dummy, nicolae_trove_entry_isolated,
          minmay_shattered_shrine
Temple:   minmay_crystal_spiral_temple

Skill      XL: |  1  2  3  4  5  6  7  8  9 10 11 12 |
---------------+-------------------------------------+-----
Transmutations | 1 2 |  2.0
Earth Magic    | 4 5 6 7 9 10 | 10.0
Dodging        | 2 |  2.4
Stealth        | 3 |  3.6
Spellcasting   | 3 4 5 7 8 |  8.0
Necromancy     | 1 2 3 5 8 |  8.0
Fighting       | 1 6 |  6.5
Hexes          | 5 6 7 |  7.0
Summonings     | 5 6 7 |  7.0
Conjurations   | 3 6 |  6.0

Action                   |  1- 3 |  4- 6 |  7- 9 | 10-12 || total
-------------------------+-------+-------+-------+-------++-------
Melee: Hand axe          |     9 |    67 |    53 |   154 ||   283
       Punch             |       |       |     3 |     2 ||     5
       Mace              |       |       |       |    28 ||    28
 Cast: Sandblast         |    49 |    67 |   142 |    53 ||   311
       Borgnjor's Vile C |       |       |       |    29 ||    29
       Mephitic Cloud    |       |       |       |     3 ||     3
       Airstrike         |       |       |       |    25 ||    25
       Summon Mana Viper |       |       |       |     1 ||     1
  Use: Scroll            |       |     6 |     4 |    14 ||    24
       Potion            |       |       |       |     3 ||     3
 Stab: Sleeping          |       |     4 |     3 |     2 ||     9
Armor: Robe              |     7 |    53 |    80 |   128 ||   268
Dodge: Dodged            |    27 |    89 |    89 |   223 ||   428

Table legend: (Time is in decaauts)
 A = Elapsed time spent in this place.
 B = Non-inter-level travel time spent in this place.
 C = Inter-level travel time spent in this place.
 D = Time resting spent in this place.
 E = Time spent auto-exploring this place.
 F = Levels seen in this place.
 G = Mean time per level.
                   A        B        C        D        E       F      G
               +--------+--------+--------+--------+--------+-----+--------+
         Total |  15608 |  14952 |    656 |   4816 |   6105 |  15 | 1040.5 |
       Dungeon |  13818 |  13181 |    637 |   3915 |   6035 |  11 | 1256.2 |
        Temple |     38 |     19 |     19 |      0 |      0 |   1 |   38.0 |
         Sewer |    843 |    843 |      0 |    449 |     70 |   1 |  843.0 |
       Ossuary |    376 |    376 |      0 |    195 |      0 |   1 |  376.0 |
        Bailey |    531 |    531 |      0 |    257 |      0 |   1 |  531.0 |
               +--------+--------+--------+--------+--------+-----+--------+

Top non-repeatable levels by time:
    D:10: 2584 daAuts
     D:7: 1655 daAuts
     D:9: 1485 daAuts
     D:1: 1380 daAuts
     D:5: 1249 daAuts
     D:8: 1238 daAuts
     D:6: 1231 daAuts
     D:4: 996 daAuts
   Sewer: 843 daAuts
     D:3: 753 daAuts
     D:2: 683 daAuts
    D:11: 559 daAuts
  Bailey: 531 daAuts
 Ossuary: 376 daAuts
  Temple: 38 daAuts
